 Dungeon Crawl Stone Soup version 0.27-a0-681-g0c81a3c1c3 (webtiles) character file.

Game seed: 13644919985122293239

12024 Anon1729 the Blocker (level 12, -2/98 HPs)
             Began as a Formicid Fighter on Mar 19, 2021.
             Was a High Priest of Okawaru.
             Slain by a troll (12 damage)
             ... on level 11 of the Dungeon.
             The game lasted 00:13:00 (9642 turns).

Anon1729 the Blocker (Formicid Fighter)             Turns: 9642, Time: 00:13:01

Health: -2/98      AC:  9    Str: 29    XL:     12   Next: 15%
Magic:  25/25      EV:  8    Int:  8    God:    Okawaru [*****.]
Gold:   568        SH: 13    Dex: 16    Spells: 11/11 levels left

rFire    . . .     SeeInvis +   T - +0 battleaxe
rCold    . . .     Faith    .   c - +0 kite shield
rNeg     . . .     Spirit   .   O - +0 plate armour
rPois    .         Reflect  .   (helmet unavailable)
rElec    .         Harm     .   (no cloak)
rCorr    .         Rampage  .   z - +1 pair of gloves {Str+3}
Will     +....                  (no boots)
Stlth    ..........             o - amulet of regeneration
HPRegen  1.26/turn              g - ring of magical power
MPRegen  0.19/turn              x - +6 ring of dexterity

@: corroded
A: permanent stasis, dig shafts and tunnels, antennae 3, four strong arms
a: Dig, Shaft Self, Renounce Religion, Heroism, Finesse


You were on level 11 of the Dungeon.
You worshipped Okawaru.
Okawaru was extremely pleased with you.
You visited 1 branch of the dungeon, and saw 11 of its levels.

You collected 568 gold pieces.

Inventory:

Hand Weapons
 a - a +0 war axe
 b - a +2 shortbow of freezing
 B - a +3 broad axe of flaming
 T - a +0 battleaxe (weapon)
Missiles
 h - 7 silver javelins
 y - 132 arrows
 L - 38 bolts
Armour
 c - a +0 kite shield (worn)
 z - a +1 pair of gloves of strength (worn)
 O - a +0 plate armour (worn)
Jewellery
 g - a ring of magical power (right hand)
 o - an amulet of regeneration (around neck)
 x - a +6 ring of dexterity (left hand)
Wands
 A - a wand of mindburst (18)
 F - a wand of iceblast (3)
Scrolls
 i - a scroll of vulnerability {unknown}
 j - 11 scrolls of identify {unknown}
 l - a scroll of magic mapping {unknown}
 n - 2 scrolls of torment {unknown}
 p - 7 scrolls of teleportation {unknown}
 q - a scroll of silence {unknown}
 r - 3 scrolls of holy word {unknown}
 w - 4 scrolls of immolation {unknown}
 C - a scroll of fog {unknown}
 E - a scroll of amnesia {unknown}
 G - 2 scrolls of enchant armour {unknown}
 I - a scroll of acquirement {unknown}
 K - a scroll of enchant weapon {unknown}
 P - 2 scrolls of summoning {unknown}
 S - a scroll of blinking {unknown}
 U - a scroll of fear {unknown}
Potions
 d - 4 potions of might
 e - a potion of berserk rage {unknown}
 f - 6 potions of curing {unknown}
 k - 3 potions of heal wounds {unknown}
 m - 4 potions of attraction {unknown}
 s - a potion of brilliance {unknown}
 t - 3 potions of ambrosia {unknown}
 u - a potion of degeneration {unknown}
 v - 2 potions of cancellation {unknown}
 D - 2 potions of invisibility {unknown}
 H - 4 potions of haste {unknown}
 M - a potion of magic {unknown}
 N - 2 potions of flight {unknown}
 Q - a potion of lignification {unknown}
 R - a potion of resistance {unknown}


   Skills:
 + Level 10.3 Fighting
 + Level 9.2 Axes
 + Level 10.3 Armour
 + Level 11.2 Shields
 + Level 6.1 Invocations


You had 11 spell levels left.
You didn't know any spells.
Your spell library was empty.

Dungeon Overview and Level Annotations

Branches:
Dungeon (11/15)            Temple (0/1) D:5            Lair (0/6) D:8
    Orc (0/2) D:9

Altars:
Ashenzari
Cheibriados
Dithmenos
Elyvilon
Fedhas
Gozag
Hepliaklqana
Okawaru
Uskayaw
Vehumet
Wu Jian
Xom
Zin
The Shining One

Shops:
D:2 =


Innate Abilities, Weirdness & Mutations

You cannot be hasted, slowed, berserked, paralysed or teleported.
You can dig through walls and to a lower floor.
You have a pair of large antennae on your head. (SInv)
Your four strong arms can wield two-handed weapons with a shield.


Message History

The bolt of acid hits you! The acid corrodes you!
You are splashed with acid!
The cyclops throws a large rock.
The large rock hits you!!
You see here a +0 flail.
You barely miss the troll. You closely miss the orc.
You block the orc's attack. You block the troll's attack.
The troll closely misses you. The troll barely misses you.
You slice the troll!!
The troll is severely wounded.
You slash the orc!
You kill the orc!
You hit the orc. The troll barely misses you. You block the troll's attack. x2
The orc hits you with a +0 hand axe.
The orc zaps a wand.
The bolt of acid hits you! The acid corrodes you!
You are splashed with acid!
* * * LOW HITPOINT WARNING * * *
You are too injured to fight recklessly!
You are too injured to fight recklessly!
You are too injured to fight recklessly!
You are too injured to fight recklessly!
You are too injured to fight recklessly!
There are monsters nearby!
You hit the orc.
You kill the orc!
Okawaru accepts your kill.
You barely miss the troll. You block the troll's attack. x2
The troll misses you. The troll bites you!
* * * LOW HITPOINT WARNING * * *
The troll claws you.
* * * LOW HITPOINT WARNING * * *
The troll claws you but does no damage.
Press: ? - help, v - describe, . - travel, g - get item
Here: an orc, wielding a +0 hand axe, wearing a +0 leather armour, quivering stones and carrying a wand of acid (4)
Items here: a +0 club; a +0 leather armour; an orc corpse.
The floor, spattered with blood.
Unknown command.
You slash the troll!
The troll is almost dead.
You hit the orc but do no damage. The orc hits you with a +0 hand axe.
* * * LOW HITPOINT WARNING * * *
The troll bites you!
You die...

#........##
####.####.#### ###
#.....#...# # ...
#.###.#.#.#### ####.####
#.# #...#....# #.......#
#.###.#####..# #.......#
#.......#....#
#.......#####..##.#.##.#
#.....o@)...........##)#
#.....T)##########.<##.#
#....).C# #........
......... .....#..#.##
........# .### #..#.#
##....#.# #>.#.#
#.#.##.# #..#.# ...# #.#
{ #..#.# { #..#.#


You could see a cyclops, a troll and an orc.

Vanquished Creatures
  Josephine (D:11)
  2 two-headed ogres
  3 death yaks
  An unseen horror (D:10)
  2 ugly things (D:10)
  2 trolls
  Sigmund (D:3)
  2 shadows (D:9)
  5 wraiths (D:11)
  Menkaure (D:4)
  A hornet zombie (D:3)
  An orc warrior (D:8)
  5 ice beasts
  2 sky beasts
  A black bear (D:7)
  2 necrophages (D:8)
  8 ogres
  6 phantoms
  3 centaurs
  2 kobold brigands
  Blork the orc (D:3)
  3 bullfrogs
  A wyvern zombie (D:10)
  A gnoll sergeant (D:10)
  A troll zombie (D:9)
  2 scorpions
  4 killer bees (D:10)
  4 wights (D:10)
  2 howler monkeys
  2 centaur zombies
  A gnoll shaman (D:5)
  4 orc priests
  A bullfrog skeleton (D:4)
  6 hounds
  A jelly (D:10)
  A centaur skeleton (D:6)
  Ijyb (D:4)
  5 iguanas
  9 orc wizards
  5 worker ants
  A hell rat (D:8)
  7 ogre zombies (D:9)
  A hound zombie (D:6)
  2 hound skeletons
  2 worker ant zombies (D:10)
  14 adders
  10 gnolls
  A shadow imp (D:9)
  An ufetubus (D:9)
  An ooze (D:1)
  2 adder skeletons
  3 worms
  4 dart slugs
  6 leopard geckos
  44 orcs
  3 ball pythons
  12 bats
  7 giant cockroaches
  5 goblins
  9 hobgoblins
  9 jackals
  7 quokkas
  6 frilled lizards
  3 goblin skeletons (D:9)
  3 goblin zombies (D:9)
  A hobgoblin skeleton (D:9)
  3 hobgoblin zombies (D:9)
  A jackal skeleton (D:5)
  24 kobolds
  5 orc skeletons (D:9)
  10 orc zombies (D:9)
  15 rats
328 creatures vanquished.

Vanquished Creatures (others)
  An orc (D:11)
1 creature vanquished.

Grand Total: 329 creatures vanquished

Notes
Turn   | Place    | Note
-------+----------+-------------------------------------------
     0 | D:1      | Anon1729 the Formicid Fighter began the quest for the Orb.
     0 | D:1      | Reached XP level 1. HP: 18/18 MP: 1/1
   108 | D:1      | Reached XP level 2. HP: 24/24 MP: 2/2
   623 | D:1      | Reached XP level 3. HP: 29/29 MP: 3/3
   636 | D:1      | Reached skill level 4 in Shields
  1337 | D:1      | Reached XP level 4. HP: 32/37 MP: 4/4
  1503 | D:2      | Noticed a phantom
  1526 | D:2      | Killed a phantom
  1527 | D:2      | Reached XP level 5. HP: 21/42 MP: 5/5
  1796 | D:2      | Found an ornate altar of the Wu Jian Council.
  2472 | D:2      | Found a snail-covered altar of Cheibriados.
  2472 | D:2      | Found a faded altar of an unknown god.
  2479 | D:2      | Found a white marble altar of Elyvilon.
  2481 | D:2      | Found a hide-covered altar of Uskayaw.
  2483 | D:2      | Found a broken altar of Ashenzari.
  2593 | D:2      | Reached XP level 6. HP: 49/49 MP: 6/6
  2600 | D:2      | Found Gufemasou's Jewellery Shop.
  2770 | D:3      | Noticed Sigmund
  2778 | D:3      | Killed Sigmund
  2779 | D:3      | Reached skill level 5 in Shields
  2785 | D:3      | Found a hazy altar of Hepliaklqana.
  2796 | D:3      | Reached XP level 7. HP: 55/55 MP: 7/7
  2904 | D:3      | Found a broken altar of Ashenzari.
  2925 | D:3      | Reached skill level 5 in Fighting
  2925 | D:3      | Reached skill level 5 in Armour
  3034 | D:3      | Found a radiant altar of Vehumet.
  3332 | D:3      | Found a blossoming altar of Fedhas.
  3721 | D:4      | Noticed Blork the orc
  3766 | D:3      | Killed Blork the orc
  3767 | D:3      | Reached skill level 6 in Shields
  3803 | D:4      | Reached XP level 8. HP: 63/63 MP: 8/8
  3893 | D:4      | Noticed Ijyb
  3912 | D:4      | Killed Ijyb
  3918 | D:4      | Noticed Menkaure
  3921 | D:4      | Killed Menkaure
  3922 | D:4      | Reached skill level 5 in Axes
  4021 | D:4      | Found a glowing golden altar of the Shining One.
  4024 | D:4      | Found an iron altar of Okawaru.
  4032 | D:4      | Found an opulent altar of Gozag.
  4036 | D:4      | Found a glowing silver altar of Zin.
  4078 | D:4      | Became a worshipper of Warmaster Okawaru
  4175 | D:4      | Reached skill level 7 in Shields
  4396 | D:5      | Entered Level 5 of the Dungeon
  4489 | D:5      | Reached XP level 9. HP: 31/71 MP: 9/9
  4547 | D:5      | Reached * piety under Okawaru
  4551 | D:5      | Found a staircase to the Ecumenical Temple.
  4908 | D:6      | Found a shimmering altar of Xom.
  5044 | D:6      | Reached skill level 8 in Shields
  5655 | D:7      | Reached ** piety under Okawaru
  6062 | D:7      | Reached XP level 10. HP: 80/80 MP: 10/10
  6694 | D:8      | Reached skill level 9 in Shields
  6745 | D:8      | Noticed a death yak
  6746 | D:8      | Noticed a death yak
  6747 | D:8      | Noticed a death yak
  6957 | D:7      | Killed a death yak
  6957 | D:7      | Reached *** piety under Okawaru
  7147 | D:8      | Killed a death yak
  7148 | D:8      | Reached skill level 1 in Invocations
  7231 | D:8      | Found a staircase to the Lair.
  7260 | D:8      | Killed a death yak
  7487 | D:8      | Noticed a two-headed ogre
  7519 | D:8      | Killed a two-headed ogre
  7519 | D:8      | Reached **** piety under Okawaru
  7520 | D:8      | Reached skill level 10 in Shields
  7520 | D:8      | Reached XP level 11. HP: 65/89 MP: 13/13
  7934 | D:9      | Found a staircase to the Orcish Mines.
  8036 | D:9      | Found a shadowy altar of Dithmenos.
  8513 | D:10     | Entered Level 10 of the Dungeon
  8651 | D:10     | Noticed a two-headed ogre
  8657 | D:10     | Killed a two-headed ogre
  8657 | D:10     | Reached ***** piety under Okawaru
  8881 | D:10     | Reached skill level 5 in Invocations
  9006 | D:10     | Noticed a white ugly thing
  9013 | D:10     | Killed a white ugly thing
  9013 | D:10     | Received a gift from Okawaru
  9067 | D:10     | Noticed an unseen horror
  9074 | D:10     | Killed an unseen horror
  9075 | D:10     | Reached skill level 10 in Fighting
  9075 | D:10     | Reached skill level 10 in Armour
  9422 | D:11     | Noticed Josephine
  9440 | D:11     | Killed Josephine
  9440 | D:11     | Received a gift from Okawaru
  9441 | D:11     | Reached skill level 11 in Shields
  9441 | D:11     | Reached XP level 12. HP: 26/97 MP: 16/16
  9642 | D:11     | Slain by a troll

Illustrated notes

Levels and vault maps discovered:
D:1:      wander_arrival_chamber, layout_basic, st_stairs_6,
          minmay_close_crescents
D:2:      layout_loops_corners, chequers_temple_overflow_minitemple,
          general_overflow_altar, serial_shops, shop
D:3:      layout_loops_cross, nicolae_overflow_crystal_walls,
          lemuel_crystal_altar, lemuel_doored_altar,
          nicolae_ashenzari_panopticon, uniq_sigmund
D:4:      minmay_skewed_foursquare, layout_cave_pools,
          grunt_temple_overflow_cloverleaf, grunt_ministairs_3, uniq_menkaure,
          uniq_ijyb, uniq_blork_the_orc
D:5:      layout_layer_cave, minmay_temple_entry_slanted, bh_walls_and_bars
D:6:      layout_rooms, basic_altar
D:7:      layout_basic, patterned_corridor
D:8:      layout_basic, dpeg_lair_monsters
D:9:      layout_roguey, nicolae_dithmenos_the_darkroom, zombieorc2_lemuel
D:10:     layout_basic
D:11:     cheibrodos_steamvent, layout_loops_ring, minmay_nine_imps,
          uniq_fannar, uniq_josephine, uniq_harold

Skill      XL: |  1  2  3  4  5  6  7  8  9 10 11 12 |
---------------+-------------------------------------+-----
Shields        | 4 5 6 7 8 10 11 | 11.2
Fighting       | 4 5 6 7 9 10 | 10.3
Axes           | 3 4 5 6 8 9 |  9.2
Armour         | 4 5 6 7 9 10 | 10.3
Invocations    | 3 5 6 |  6.1

Action                   |  1- 3 |  4- 6 |  7- 9 | 10-12 || total
-------------------------+-------+-------+-------+-------++-------
Melee: War axe           |   127 |   132 |   400 |   183 ||   842
       Battleaxe         |       |       |       |   336 ||   336
Invok: Heroism           |       |       |       |     4 ||     4
Armor: Scale mail        |    37 |       |       |       ||    37
       Chain mail        |    31 |    62 |   158 |       ||   251
       Plate armour      |       |       |       |   227 ||   227
Dodge: Dodged            |    38 |    32 |   125 |   121 ||   316
Block: Kite shield       |    88 |    77 |   275 |   364 ||   804

Table legend: (Time is in decaauts)
 A = Elapsed time spent in this place.
 B = Non-inter-level travel time spent in this place.
 C = Inter-level travel time spent in this place.
 D = Time resting spent in this place.
 E = Time spent auto-exploring this place.
 F = Levels seen in this place.
 G = Mean time per level.
                   A        B        C        D        E       F      G
               +--------+--------+--------+--------+--------+-----+--------+
         Total |  10014 |   9489 |    525 |    363 |   6605 |  11 |  910.4 |
       Dungeon |  10014 |   9489 |    525 |    363 |   6605 |  11 |  910.4 |
               +--------+--------+--------+--------+--------+-----+--------+

Top non-repeatable levels by time:
     D:1: 1492 daAuts
     D:2: 1359 daAuts
     D:7: 1297 daAuts
     D:8: 1107 daAuts
     D:3: 987 daAuts
    D:10: 959 daAuts
     D:9: 808 daAuts
     D:4: 760 daAuts
     D:6: 518 daAuts
     D:5: 502 daAuts
    D:11: 219 daAuts
